 Dungeon Crawl Stone Soup version 0.31-a0-1469-gd420192249 (webtiles) character file.

Game seed: 8853100418076614137

37 Laraso the Ruffian (level 3, 0/42 HPs)
             Began as a Draconian Shapeshifter on Dec 28, 2023.
             Slain by an ogre
             ... wielding a +0 giant club
              (23 damage)
             ... on level 2 of the Dungeon.
             The game lasted 00:01:18 (1018 turns).

Laraso the Ruffian (Draconian Shapeshifter)         Turns: 1018, Time: 00:01:19

Health: 0/42       AC: 21    Str: 16    XL:     3   Next: 23%
Magic:  3/3        EV:  2    Int: 10    God:
Gold:   65         SH:  0    Dex: 12    Spells: 2/2 levels left

rFire   . .          .
                       - Unarmed
rCold   . . .        (no shield)
rNeg    . . .        (body armour unavailable)
rPois   +            (helmet currently unavailable)
rElec   .            (cloak currently unavailable)
rCorr   .            (gloves currently unavailable)
SInv    .            (boots currently unavailable)
Will    .....        (no amulet)
Stlth   +            (no ring)
HPRegen 0.27/turn    (no ring)
MPRegen 0.08/turn

%: no passive effects
@: tree-form
A: stationary, stasis, torment immunity, boosted hp, AC +5, unfitting armour,
(cold-blooded)
a: no special abilities


You were on level 2 of the Dungeon.
You were a tree.
You visited 1 branch of the dungeon, and saw 2 of its levels.

You collected 65 gold pieces.

Inventory:

Talismans
 b - a beast talisman (active)
 c - a flux talisman
Scrolls
 d - a scroll of identify {unknown}
 g - a scroll of fog {unknown}
 h - a scroll of enchant weapon {unknown}
 i - a scroll of teleportation
 l - a scroll of revelation {unknown}
 m - a scroll of blinking {unknown}
 o - a scroll of fear {unknown}
Potions
 e - a potion of degeneration {unknown}
 f - a potion of magic {unknown}
 j - a potion of heal wounds {unknown}
 k - a potion of curing {unknown}
 n - a potion of haste {unknown}


   Skills:
 - Level 1.1 Fighting
 - Level 1.7 Dodging
 + Level 3.7 Unarmed Combat
 + Level 3.6 Shapeshifting


You had 2 spell levels left.
You didn't know any spells.
Your spell library contained the following spells:

 Spells                   Type           Power      Damage    Failure   Level
 Dazzling Flash           Conj/Hex       0%         N/A       75%         3
 Mephitic Cloud           Conj/Alch/Air  0%         N/A       75%         3
 Curse of Agony           Necr           0%         N/A       100%        5
 Silence                  Hex/Air        0%         N/A       100%        5


Dungeon Overview and Level Annotations

Branches:
Dungeon (2/15)

Altars:


Innate Abilities, Weirdness & Mutations

You are a tree.
Your roots penetrate the ground, keeping you stationary.
You cannot be teleported.
You are immune to unholy pain and torment.
Your maximum health is greatly increased.
Your equipment is partially melded.
((Your plain brown scales are hard. (AC +5)))
You cannot fit into any form of body armour.
((You are cold-blooded and may be slowed by cold attacks.))


Message History

There are monsters nearby!
The frilled lizard hisses angrily.
The frilled lizard bites you but does no damage.
You miss the frilled lizard.
Your tail-slap misses the frilled lizard.
The frilled lizard closely misses you.
You hit the frilled lizard.
You kill the frilled lizard!
The giant cockroach bites you but does no damage. x2
You punch the giant cockroach!
You kill the giant cockroach!
No target in view!
No target in view!
n - a viscous golden potion You now have 59 gold pieces (gained 15).
o - a scroll labelled SAJUGG TYDINN You now have 65 gold pieces (gained 6).
A ball python comes into view.
Found a scroll labelled TECOLE ZUCUETE.
The ball python hisses angrily.
An ogre comes into view. It is wielding a +0 giant club.
The ogre shouts!
There is a stone staircase leading up here.
The ball python closely misses you. The ball python grabs you.
You stop ascending the stairs.
The ball python constricts you.
Unknown command.
You hit the ball python.
You kill the ball python!
The ogre closely misses you.
Your transformation has ended.
You turn into a tree.
Your roots penetrate the ground.
Unknown command.
You hit the ogre.
The ogre is lightly wounded.
The ogre hits you with a +0 giant club!!
You hit the ogre.
The ogre is lightly wounded.
The ogre hits you with a +0 giant club!!
Ouch! That really hurt!
You die...

##### ######...#
##..........###
....####.......#
.....^.........#
#.#........<..###
#........†<.....#
#........♣......##
##.......O#.......####
##........##.#.........
#.?..$...###.#.....####
#.......# #.##........
#.....?.# #.###.#.###.
#.......# #.# ...#
.........# #.# ##.#
.#.......# #.# ..


You could see an ogre.

Vanquished Creatures
  A gnoll (D:1)
  An endoplasm (D:2)
  2 giant cockroaches
  A goblin (D:1)
  5 hobgoblins (D:1)
  2 quokkas (D:1)
  4 ball pythons
  4 bats (D:1)
  2 frilled lizards
  3 kobolds (D:1)
  A rat (D:1)
26 creatures vanquished.

Notes
Turn   | Place    | Note
-------+----------+-------------------------------------------
     0 | D:1      | Laraso the Draconian Shapeshifter began the quest for the
                  | Orb.
     0 | D:1      | Reached XP level 1. HP: 16/16 MP: 1/1
   249 | D:1      | Reached XP level 2. HP: 23/23 MP: 2/2
   503 | D:1      | Reached XP level 3. HP: 12/28 MP: 3/3
  1006 | D:2      | Noticed an ogre
  1018 | D:2      | Slain by an ogre

Illustrated notes

Levels and vault maps discovered:
D:1:      minmay_arrival_semitransparent, layout_basic, minmay_pentomino_q2
D:2:      layout_loops_ring, serial_shops, nicolae_shop_back_alley_shop

Action                     || total
---------------------------++-------
  Melee: Unarmed           ||    64
         Tailslap          ||     9
    Use: Scroll            ||     1
         Potion            ||     1
 Armour: Skin              ||    43
  Dodge: Dodged            ||    31
   Form: Beast             ||     1

Table legend: (Time is in decaauts)
 A = Elapsed time spent in this place.
 B = Non-inter-level travel time spent in this place.
 C = Inter-level travel time spent in this place.
 D = Time resting spent in this place.
 E = Time spent auto-exploring this place.
 F = Levels seen in this place.
 G = Mean time per level.
                   A        B        C        D        E       F      G
               +--------+--------+--------+--------+--------+-----+--------+
         Total |   1014 |    957 |     57 |     79 |    682 |   2 |  507.0 |
       Dungeon |   1014 |    957 |     57 |     79 |    682 |   2 |  507.0 |
               +--------+--------+--------+--------+--------+-----+--------+

Top non-repeatable levels by time:
     D:1: 943 daAuts
     D:2: 70 daAuts
